[Event "Titled Tuesday Blitz January 03 Late 2023"]
[White "Abrahamyan, Tatev"]
[Black "Sos Andreu, Eric"]
[WhiteFideId "13301918"]
[BlackFideId "22247017"]
[WhiteElo "2294"]
[BlackElo "2352"]
[Result "1-0"]
[Round "09"]
[TimeControl "180+2"]
[Date "2023.01.03"]
[WhiteClock "0:00:13"]
[BlackClock "0:00:03"]

1. e4 c6 2. Nf3 d5 3. d3 dxe4 4. dxe4 Qxd1+ 5. Kxd1 Nf6 6. Nbd2 g6 7. Bc4 Bh6 8. Ke2 O-O 9. a4 a5 10. e5 Nd5 11. c3 Be6 12. g3 Nd7 13. Ba2 Bg7 14. Nc4 b5 15. axb5 cxb5 16. Ne3 Nxe3 17. Bxe6 Nc2 18. Bxd7 Nxa1 19. Bxb5 Nb3 20. Be3 Rfc8 21. h4 h5 22. Rd1 Nc5 23. Rd5 Ne6 24. Bd7 Rcb8 25. Rd2 a4 26. Bxe6 fxe6 27. Bc5 Rb7 28. Bd4 a3 29. bxa3 Rxa3 30. Rc2 Bh6 31. c4 Kf7 32. c5 Rd7 33. c6 Rc7 34. Bb6 Rc8 35. c7 Rb3 36. Rc6 Ra3 37. Nd4 Ra2+ 38. Kf3 Ra3+ 39. Kg2 Bg7 40. f4 Ra2+ 41. Kf3 Ra3+ 42. Kf2 Ra2+ 43. Ke1 Ra3 44. Nxe6 Rxg3 45. Ng5+ Ke8 46. Rxg6 Bf8 47. e6 Rb3 48. Ba5 Rb5 49. Bd2 Rxc7 50. Rg8 Rc6 51. Rh8 Rf5 52. Ke2 Kd8 53. Kf3 Kc7 54. Ke4 Rf6 55. Rxh5 Bh6 56. Ba5+ Kb7 57. f5 Ka6 58. Bb4 Rc4+ 59. Kd5 Rxb4 60. Ne4 Rxe4 61. Kxe4 Kb6 62. Ke5 Kc6 63. Ke4 Kd6 64. Kd4 Kc6 65. Ke4 Kd6 66. Kd4 Kc7 67. Ke5 Kd8 68. Ke4 Ke8 69. Kd5 Kf8 70. Kc6 Ke8 71. Kc7 Kf8 72. Kd7 Bg7 73. Rg5 Rh6 74. h5 Bf6 75. Rg6 Rxh5 76. Rxf6+ Kg7 77. Kxe7 Rh2 78. Rg6+ Kh7 79. Rg4 Ra2 80. f6 Ra7+ 81. Kf8 Ra8+ 82. Kf7 Ra7+ 83. e7 1-0


[Site "https://www.chess.com"]

[Event "Titled Tuesday Blitz January 03 Late 2023"]
[White "Alikhanov, Felix"]
[Black "Graif, William"]
[WhiteFideId "4157427"]
[BlackFideId "2609835"]
[WhiteElo "2434"]
[BlackElo "2304"]
[Result "1-0"]
[Round "09"]
[TimeControl "180+2"]
[Date "2023.01.03"]
[WhiteClock "0:01:44"]
[BlackClock "0:00:06"]

1. e4 e5 2. Nf3 Bc5 3. Bc4 Nf6 4. d3 Nc6 5. O-O d6 6. h3 a6 7. c3 Na5 8. b4 Nxc4 9. bxc5 Na5 10. Qa4+ Nc6 11. cxd6 cxd6 12. d4 O-O 13. d5 Na5 14. Bg5 b5 15. Qc2 h6 16. Bh4 Bd7 17. Nbd2 Rc8 18. Qd3 Qc7 19. Bxf6 gxf6 20. Rac1 Kh7 21. Nh4 Rg8 22. Qf3 Qd8 23. Nf5 Bxf5 24. exf5 Nc4 25. Ne4 Qe7 26. Kh2 Rg7 27. g4 Rh8 28. Ra1 h5 29. g5 Rxg5 30. Nxg5+ fxg5 31. f6 Qf8 32. Qxh5+ Kg8 33. Qxg5+ Kh7 34. Qh5+ Kg8 35. Rg1+ 1-0


[Site "https://www.chess.com"]

[Event "Titled Tuesday Blitz January 03 Late 2023"]
[White "Davtyan, David Arm."]
[Black "Rangel, Daniel"]
[WhiteFideId "13310046"]
[BlackFideId "2124475"]
[WhiteElo "2344"]
[BlackElo "2207"]
[Result "0-1"]
[Round "09"]
[TimeControl "180+2"]
[Date "2023.01.03"]
[WhiteClock "0:00:10"]
[BlackClock "0:00:10"]

1. d4 d5 2. Nf3 Nf6 3. Bf4 g6 4. e3 Bg7 5. Be2 O-O 6. O-O b6 7. h3 Bb7 8. Nbd2 c5 9. c3 Nc6 10. Re1 Nd7 11. a4 e5 12. dxe5 Ndxe5 13. Nxe5 Nxe5 14. Nf3 Qe7 15. a5 Bc6 16. Nxe5 Bxe5 17. Bxe5 Qxe5 18. Bf3 b5 19. Qd2 Rad8 20. b4 Qe7 21. bxc5 Qxc5 22. Qd4 Qe7 23. a6 Rd7 24. Reb1 Rb8 25. Rb4 Rb6 26. Ra5 Qd8 27. Be2 Qb8 28. Qc5 Rc7 29. Qd4 Rd7 30. h4 h5 31. g3 Rc7 32. g4 hxg4 33. Qxg4 Re7 34. h5 Bd7 35. Qg2 Re5 36. hxg6 Rxg6 37. Bg4 Reg5 38. f3 f5 39. Qd2 fxg4 40. f4 Rh5 41. c4 Rgh6 42. Qd4 Rh1+ 43. Kg2 R6h2+ 44. Kg3 Qd8 45. Qxd5+ Kh7 46. Qe4+ Kh8 47. Qe5+ Kg8 48. Qd5+ Kf8 49. Qd6+ Qe7 50. Qb8+ Kg7 51. Qe5+ Qxe5 52. fxe5 Rh3+ 53. Kg2 R1h2+ 54. Kg1 Bc6 55. cxb5 Rg2+ 56. Kf1 Rh1# 0-1


[Site "https://www.chess.com"]

[Event "Titled Tuesday Blitz January 03 Late 2023"]
[White "Karttunen, Mika"]
[Black "Rustemov, Alexander"]
[WhiteFideId "502081"]
[BlackFideId "4119002"]
[WhiteElo "2490"]
[BlackElo "2525"]
[Result "0-1"]
[Round "09"]
[TimeControl "180+2"]
[Date "2023.01.03"]
[WhiteClock "0:00:06"]
[BlackClock "0:00:19"]

1. d4 g6 2. e4 Bg7 3. c4 d6 4. Nc3 e5 5. d5 a5 6. Bd3 Na6 7. Nf3 Bh6 8. h3 Bxc1 9. Qxc1 Nf6 10. Qh6 Qe7 11. O-O-O Qf8 12. Qe3 Bd7 13. Kb1 Qe7 14. g4 Nc5 15. Be2 b6 16. Nd2 h5 17. g5 Nh7 18. h4 f6 19. gxf6 Qxf6 20. Rdg1 Ke7 21. Rg3 Raf8 22. f3 Rhg8 23. Qg1 Be8 24. Nb5 Bxb5 25. cxb5 Rg7 26. Nc4 Rfg8 27. Ne3 Kd8 28. Rh2 g5 29. Nf5 Rg6 30. Rhg2 Nd7 31. hxg5 Rxg5 32. Rxg5 Rxg5 33. Kc2 Ndf8 34. Qh2 Ng6 35. Bf1 Rxg2+ 36. Qxg2 Qg5 37. Qh2 Nf4 38. Kd1 Nf8 39. Qh4 Qxh4 40. Nxh4 Ke7 41. Ke1 Kf6 42. Kf2 N8g6 43. Nf5 h4 44. Ne3 Kg5 45. Kg1 Nh5 46. Kh2 Kf4 47. Nf5 Kxf3 48. Bg2+ Ke2 49. Ng7 Nxg7 0-1


[Site "https://www.chess.com"]

[Event "Titled Tuesday Blitz January 03 Late 2023"]
[White "Slade, Theodore"]
[Black "Pakleza, Zbigniew"]
[WhiteFideId "426547"]
[BlackFideId "1119290"]
[WhiteElo "1995"]
[BlackElo "2494"]
[Result "0-1"]
[Round "09"]
[TimeControl "180+2"]
[Date "2023.01.03"]
[WhiteClock "0:01:14"]
[BlackClock "0:00:40"]

1. d4 d6 2. Nf3 Bg4 3. e4 Nf6 4. Nc3 e6 5. Qe2 c6 6. h3 Bh5 7. g4 Bg6 8. h4 h5 9. g5 Nfd7 10. d5 e5 11. Bh3 Be7 12. Be3 a6 13. a4 Qa5 14. O-O Nc5 15. Qc4 cxd5 16. Nxd5 Bxe4 17. Bxc5 Bxd5 18. Qxd5 Qxc5 19. Qxb7 Qc6 20. Bd7+ Qxd7 21. Qxa8 Qg4+ 22. Kh2 O-O 23. Qb7 e4 24. Qxe7 exf3 25. Rg1 Qxh4# 0-1


[Site "https://www.chess.com"]

[Event "Titled Tuesday Blitz January 03 Late 2023"]
[White "Bayo Milagro, Alvaro"]
[Black "Dimitrov, Atanas"]
[WhiteFideId "22275240"]
[BlackFideId "2901315"]
[WhiteElo "2287"]
[BlackElo "2269"]
[Result "1-0"]
[Round "09"]
[TimeControl "180+2"]
[Date "2023.01.03"]
[WhiteClock "0:00:16"]
[BlackClock "0:00:01"]

1. d4 Nf6 2. Nf3 e6 3. c4 Be7 4. g3 O-O 5. Bg2 d5 6. O-O b6 7. Nc3 Bb7 8. cxd5 Nxd5 9. Re1 Nxc3 10. bxc3 c5 11. e4 cxd4 12. cxd4 Nc6 13. Bf4 Bf6 14. e5 Be7 15. Rc1 Rc8 16. h4 Nb4 17. Rxc8 Qxc8 18. Bg5 Bxg5 19. Nxg5 Bxg2 20. Kxg2 h6 21. Ne4 Qc6 22. Qf3 Qd5 23. Nd6 a5 24. Qxd5 Nxd5 25. Rc1 f6 26. f4 Rb8 27. Kf3 h5 28. Ke4 fxe5 29. Kxe5 Kh7 30. f5 Nf6 31. fxe6 Ng4+ 32. Kd5 Nf6+ 33. Kc6 b5 34. Rf1 1-0


[Site "https://www.chess.com"]

[Event "Titled Tuesday Blitz January 03 Late 2023"]
[White "Erdogdu, Mert"]
[Black "Poliakova, Varvara"]
[WhiteFideId "6301495"]
[BlackFideId "13518313"]
[WhiteElo "2413"]
[BlackElo "2010"]
[Result "0-1"]
[Round "09"]
[TimeControl "180+2"]
[Date "2023.01.03"]
[WhiteClock "0:00:19"]
[BlackClock "0:00:52"]

1. e4 e5 2. Nf3 Nc6 3. Bc4 Bc5 4. O-O Nf6 5. d3 h6 6. a4 g5 7. c3 d6 8. Be3 g4 9. Nfd2 Bxe3 10. fxe3 h5 11. Na3 Qe7 12. Qe2 Be6 13. Qf2 Rh6 14. d4 Bxc4 15. Naxc4 O-O-O 16. d5 Nb8 17. b4 Nbd7 18. a5 a6 19. Rab1 h4 20. Qf5 Rh5 21. Qf2 g3 22. hxg3 hxg3 23. Qxg3 Rg8 24. Qf3 Rhg5 25. Rf2 Rg3 26. Qe2 Qf8 27. b5 axb5 28. Rxb5 Qh6 29. Rf3 Rh3 30. Rxh3 Qxh3 31. a6 bxa6 32. Ra5 Nb8 33. Ra4 Qg3 34. Nf1 Qg5 35. Na5 Ng4 36. Nc6 Kd7 37. Qf3 Nxc6 38. dxc6+ Ke6 39. Rxa6 Nf6 40. Nh2 d5 41. exd5+ Nxd5 42. Nf1 f5 43. c4 Nc3 44. Qh3 Ne2+ 45. Kf2 Nc1 46. Qh7 Qxg2+ 47. Ke1 Qe2# 0-1


[Site "https://www.chess.com"]

[Event "Titled Tuesday Blitz January 03 Late 2023"]
[White "Kanakaris, Georgios"]
[Black "Klose, Eli"]
[WhiteFideId "4209460"]
[BlackFideId "16242955"]
[WhiteElo "2391"]
[BlackElo "1519"]
[Result "0-1"]
[Round "09"]
[TimeControl "180+2"]
[Date "2023.01.03"]
[WhiteClock "0:00:10"]
[BlackClock "0:00:15"]

1. d4 Nf6 2. Nf3 c5 3. d5 b5 4. Bg5 Ne4 5. Bf4 Bb7 6. e3 g6 7. Nbd2 Nxd2 8. Qxd2 b4 9. Be5 f6 10. Bg3 d6 11. Bb5+ Nd7 12. O-O Bg7 13. e4 O-O 14. a3 a5 15. h4 f5 16. Ng5 Bxb2 17. Ne6 Qc8 18. Rab1 Bc3 19. Qe3 fxe4 20. axb4 axb4 21. Nxf8 Kxf8 22. h5 Nf6 23. hxg6 hxg6 24. Bh4 Qf5 25. Qh6+ Kg8 26. f3 Bd4+ 27. Kh1 e3 28. Bd3 Qh5 29. Qxh5 gxh5 30. Bxf6 Bxf6 31. Be4 Kf7 32. Rfe1 Bd4 33. g3 Kf6 34. Kg2 Ke5 35. Rh1 Rh8 36. Rh4 Bxd5 37. Bxd5 Kxd5 38. Rbh1 Kc4 39. Rxh5 Rxh5 40. Rxh5 Kc3 41. g4 Kxc2 42. f4 Kd2 0-1


[Site "https://www.chess.com"]

[Event "Titled Tuesday Blitz January 03 Late 2023"]
[White "Sukandar, Irine Kharisma"]
[Black "Jaferian, Koosha"]
[WhiteFideId "7101937"]
[BlackFideId "12507440"]
[WhiteElo "2390"]
[BlackElo "2233"]
[Result "1/2-1/2"]
[Round "09"]
[TimeControl "180+2"]
[Date "2023.01.03"]
[WhiteClock "0:00:22"]
[BlackClock "0:00:38"]

1. e4 e6 2. d4 d5 3. exd5 exd5 4. Nf3 Nf6 5. Nc3 Bf5 6. Bd3 Bxd3 7. Qxd3 Bd6 8. O-O O-O 9. Qb5 b6 10. Bg5 c6 11. Qd3 Nbd7 12. Rfe1 Qc7 13. a4 Rfe8 14. Bh4 Nh5 15. a5 Nf4 16. Qd2 Ng6 17. Bg3 Bxg3 18. hxg3 bxa5 19. Rxe8+ Rxe8 20. Nd1 Nb6 21. Qxa5 Re7 22. Ne3 Nc8 23. Qb4 Qb7 24. Qc5 Nf8 25. b3 Ne6 26. Qc3 Nd6 27. Ne5 Nb5 28. Qxc6 Nbxd4 29. Qxd5 Qc7 30. Qa8+ Nd8 31. Nd5 Qxe5 32. Nxe7+ Qxe7 33. Rxa7 Qd6 34. Ra6 Nc6 35. Rxc6 Qd1+ 36. Kh2 Qh5+ 37. Kg1 Qd1+ 38. Kh2 Qh5+ 39. Kg1 Qd1+ 1/2-1/2


[Site "https://www.chess.com"]

[Event "Titled Tuesday Blitz January 03 Late 2023"]
[White "Skvortsov, Andrei"]
[Black "Cruz Mendez, Jean Marco"]
[WhiteFideId "24108600"]
[BlackFideId "3526402"]
[WhiteElo "2313"]
[BlackElo "2270"]
[Result "0-1"]
[Round "09"]
[TimeControl "180+2"]
[Date "2023.01.03"]
[WhiteClock "0:00:08"]
[BlackClock "0:00:13"]

1. d4 Nf6 2. c4 g6 3. Nc3 Bg7 4. g3 O-O 5. Bg2 d6 6. Nf3 c5 7. O-O Nbd7 8. d5 Ne8 9. Qc2 a6 10. e4 Rb8 11. a4 b6 12. Nd1 b5 13. axb5 axb5 14. Ne3 Nc7 15. Ra2 bxc4 16. Nxc4 Ba6 17. Re1 Bxc4 18. Qxc4 Rb4 19. Qc2 Qb8 20. Bh3 Ne5 21. Nxe5 Bxe5 22. Bd2 Rxb2 23. Rxb2 Qxb2 24. Qxb2 Bxb2 25. Rb1 Bd4 26. Rb7 Ne8 27. Rxe7 Nf6 28. Kg2 Rb8 29. g4 Rb2 30. Be1 h6 31. Kf3 Kg7 32. Bf1 Nh7 33. h4 Bf6 34. Rd7 Rb6 35. Ba5 Rb3+ 36. Kg2 Be5 37. Bd8 Nf6 38. Bxf6+ Kxf6 39. Ra7 Rb2 40. Ra3 Bd4 41. Rf3+ Ke7 42. Bd3 Rd2 43. Bb5 f6 44. h5 g5 45. Kf1 Kd8 46. Ke1 Rb2 47. Bc4 Kc7 48. Ra3 Bxf2+ 49. Kd1 Kb7 50. Ba6+ Kb6 51. Bc4 Rb4 52. Bd3 c4 53. Be2 Kc5 54. Ra6 Bg3 55. Kc2 Kd4 56. Ra3 Be5 57. Rf3 Kxe4 58. Kc1 c3 59. Rd3 Ra4 60. Rd1 Ra1+ 61. Kc2 Rxd1 62. Kb3 Kxd5 63. Bxd1 Kd4 64. Kc2 Ke3 65. Kc1 d5 66. Bb3 d4 67. Kd1 d3 68. Ba4 Bd6 69. Bb3 c2+ 70. Bxc2 dxc2+ 71. Kxc2 Ke4 72. Kd2 Kf4 73. Ke2 Kxg4 74. Kf2 f5 75. Kg2 f4 0-1


[Site "https://www.chess.com"]

[Event "Titled Tuesday Blitz January 03 Late 2023"]
[White "Fiorito, Joaquin"]
[Black "Leiva, Gianmarco"]
[WhiteFideId "180173"]
[BlackFideId "3804399"]
[WhiteElo "2405"]
[BlackElo "2392"]
[Result "1-0"]
[Round "09"]
[TimeControl "180+2"]
[Date "2023.01.03"]
[WhiteClock "0:01:15"]
[BlackClock "0:00:04"]

1. d4 Nf6 2. Nc3 d5 3. Bf4 g6 4. e3 Bg7 5. h4 c5 6. Nb5 Na6 7. c3 h6 8. Nf3 O-O 9. Ne5 Nb8 10. dxc5 a6 11. Nd4 Nfd7 12. Nxd7 Nxd7 13. c6 Nc5 14. cxb7 Bxb7 15. Nf3 a5 16. Be2 Re8 17. Be5 Bf8 18. O-O f6 19. Bh2 e5 20. c4 Kg7 21. Rc1 Rb8 22. b3 Ne6 23. cxd5 Bxd5 24. Nxe5 Ba8 25. Nc6 Qxd1 26. Rfxd1 Bxc6 27. Rxc6 Rbc8 28. Rd7+ Kg8 29. Rxc8 Rxc8 30. Bc4 Re8 31. Bd6 1-0


[Site "https://www.chess.com"]

[Event "Titled Tuesday Blitz January 03 Late 2023"]
[White "reevecanada"]
[Black "Vlassov, Nikolai"]
[BlackFideId "4103360"]
[WhiteElo "2486"]
[BlackElo "2283"]
[Result "0-1"]
[Round "09"]
[TimeControl "180+2"]
[Date "2023.01.03"]
[WhiteClock "0:01:14"]
[BlackClock "0:01:14"]

1. e4 Nc6 2. Nc3 Nf6 3. d4 d5 4. e5 Nd7 5. Nxd5 Ndb8 6. Nc3 Qxd4 7. Qxd4 Nxd4 8. Bd3 Bf5 9. Nb5 Bxd3 10. Nxd4 Bg6 11. Be3 e6 12. Nb5 Na6 13. O-O-O c6 14. Nd6+ Bxd6 15. exd6 Nb4 16. c3 Nd3+ 17. Kd2 Nxb2 18. Ke2 Nxd1 19. Kxd1 O-O-O 20. Bc5 b6 21. Ba3 c5 22. Nf3 Rxd6+ 23. Kc1 Rhd8 24. Bb2 f6 25. Re1 Bh5 26. c4 Bxf3 27. gxf3 e5 28. f4 exf4 29. Re4 g5 30. Re7 R8d7 31. Re8+ Kb7 32. Rf8 Rd1+ 33. Kc2 R7d2+ 34. Kc3 Rd3+ 35. Kc2 R1d2+ 36. Kc1 Rxf2 37. Bxf6 Rxh2 38. Be5 Re3 39. Rf7+ Ka6 40. Bb8 Re1# 0-1


[Site "https://www.chess.com"]

[Event "Titled Tuesday Blitz January 03 Late 2023"]
[White "benny_aizenberg"]
[Black "Shuvalova, Polina"]
[BlackFideId "24171760"]
[WhiteElo "2507"]
[BlackElo "2484"]
[Result "1-0"]
[Round "09"]
[TimeControl "180+2"]
[Date "2023.01.03"]
[WhiteClock "0:02:18"]
[BlackClock "0:00:16"]

1. e4 e5 2. Nf3 Nc6 3. d4 exd4 4. Nxd4 Nf6 5. Nxc6 bxc6 6. e5 Qe7 7. Qe2 Nd5 8. h4 Qe6 9. c4 Bb4+ 10. Bd2 Bxd2+ 11. Nxd2 Nb4 12. Qe4 f5 13. exf6 Qxe4+ 14. Nxe4 Nc2+ 15. Kd2 Nxa1 16. fxg7 Rg8 17. Nf6+ Kf7 18. Nxg8 Kxg8 19. Bd3 Kxg7 20. Rxa1 h6 21. Re1 Kf7 22. Re5 d6 23. Ra5 a6 24. b3 c5 25. Kc3 Rb8 26. a3 Bb7 27. g3 Ke6 28. b4 cxb4+ 29. axb4 Rf8 30. f4 Rg8 31. g4 Kd7 32. Rh5 Ke7 33. g5 hxg5 34. hxg5 c5 35. Rh7+ 1-0


[Site "https://www.chess.com"]

[Event "Titled Tuesday Blitz January 03 Late 2023"]
[White "Baskin, Robert"]
[Black "Stachanczyk, Jacek"]
[WhiteFideId "24662402"]
[BlackFideId "1116657"]
[WhiteElo "2442"]
[BlackElo "2147"]
[Result "1-0"]
[Round "09"]
[TimeControl "180+2"]
[Date "2023.01.03"]
[WhiteClock "0:00:41"]
[BlackClock "0:00:06"]

1. c4 Nf6 2. g3 c5 3. Bg2 g6 4. Nc3 Bg7 5. Nf3 O-O 6. d4 cxd4 7. Nxd4 Nc6 8. O-O d6 9. Nxc6 bxc6 10. Bxc6 Rb8 11. Bg2 Bb7 12. e4 Nd7 13. Bd2 Nc5 14. Qc2 Qc8 15. b3 Ne6 16. Rac1 Nd4 17. Qd3 e5 18. Ne2 f5 19. Nxd4 exd4 20. exf5 Bxg2 21. Kxg2 Rxf5 22. f4 Qa6 23. Rc2 d5 24. Rf3 Qb7 25. cxd5 Rxd5 26. Qe4 Rbd8 27. Rd3 Kh8 28. Kf3 Qf7 29. Kg2 h6 30. h4 Kh7 31. Rc1 Re8 32. Qf3 Rf5 33. Re1 Rxe1 34. Bxe1 Qc7 35. Bd2 Qc2 36. Kh3 Rf7 37. g4 Qc8 38. Kg3 Qc2 39. h5 gxh5 40. Qe4+ Kh8 41. Rxd4 Qc8 42. gxh5 Bxd4 43. Qxd4+ Rg7+ 44. Kf2 Qg4 45. Bc3 Qg2+ 46. Ke1 Qg3+ 47. Kd2 Qg2+ 48. Kc1 Qg4 49. Qxg7+ Qxg7 50. Kd2 1-0


[Site "https://www.chess.com"]

[Event "Titled Tuesday Blitz January 03 Late 2023"]
[White "Sanchez, Robert"]
[Black "Papp, Levente"]
[WhiteFideId "2034360"]
[BlackFideId "751243"]
[WhiteElo "1966"]
[BlackElo "2353"]
[Result "0-1"]
[Round "09"]
[TimeControl "180+2"]
[Date "2023.01.03"]
[WhiteClock "0:00:51"]
[BlackClock "0:00:29"]

1. e4 e6 2. d4 d5 3. Nc3 Bb4 4. e5 Ne7 5. Bd2 b6 6. Qg4 Nf5 7. O-O-O h5 8. Qf4 c5 9. dxc5 bxc5 10. Kb1 Nc6 11. Nf3 Rb8 12. Bd3 Nce7 13. a3 Bxc3 14. Bxc3 Bd7 15. h3 h4 16. g4 hxg3 17. fxg3 d4 18. Bd2 Nd5 19. Qg4 Qb6 20. Bc1 g6 21. Bxf5 exf5 22. Qg5 Nc3+ 23. Ka1 Nxd1 24. Rxd1 Be6 25. Qf6 Kd7 26. c3 Qb3 27. Kb1 Qxd1 0-1


[Site "https://www.chess.com"]

[Event "Titled Tuesday Blitz January 03 Late 2023"]
[White "Gonzalez, Francisco Silva"]
[Black "Fishbein, Alexander"]
[WhiteFideId "1512285"]
[BlackFideId "2000377"]
[WhiteElo "2021"]
[BlackElo "2366"]
[Result "0-1"]
[Round "09"]
[TimeControl "180+2"]
[Date "2023.01.03"]
[WhiteClock "0:01:50"]
[BlackClock "0:00:47"]

1. d4 Nf6 2. c4 g6 3. Nc3 Bg7 4. e4 d6 5. f3 O-O 6. Be3 c5 7. Nge2 Nc6 8. d5 Ne5 9. Ng3 e6 10. Be2 exd5 11. cxd5 a6 12. a4 h5 13. O-O Nh7 14. h3 h4 15. Nh1 f5 16. exf5 gxf5 17. Qd2 Ng6 18. f4 Re8 19. Kh2 Qe7 20. Rf3 Nf6 21. Nf2 Ng4+ 22. hxg4 fxg4 23. Nxg4 Bxg4 24. Bf2 Bxf3 25. Bxf3 Nxf4 26. a5 Be5 27. Kg1 Qg5 28. Kf1 h3 29. gxh3 Nxh3 30. Qxg5+ Nxg5 31. Bg4 Bd4 32. Kg2 Bxf2 33. Kxf2 Ne4+ 34. Nxe4 Rxe4 35. Be6+ Kg7 36. Rg1+ Kf6 37. Rh1 Rf8 38. Kg3 Ke5 39. Rh7 Re3+ 40. Kg4 Rf4+ 41. Kh5 Re1 42. Rxb7 Rh1+ 43. Kg5 Rg1+ 44. Kh5 Rf2 45. Bg4 Rh2+ 46. Kg5 Rhg2 47. Rb6 Rxg4+ 48. Kh5 Rg5+ 49. Kh4 Rg8 0-1


[Site "https://www.chess.com"]

[Event "Titled Tuesday Blitz January 03 Late 2023"]
[White "Espinosa, Pedro"]
[Black "AidenRchess"]
[WhiteFideId "30921066"]
[WhiteElo "2229"]
[BlackElo "2398"]
[Result "0-1"]
[Round "09"]
[TimeControl "180+2"]
[Date "2023.01.03"]
[WhiteClock "0:00:29"]
[BlackClock "0:00:31"]

1. d4 Nf6 2. c4 g6 3. Nc3 d5 4. Nf3 Bg7 5. Qb3 dxc4 6. Qxc4 O-O 7. e4 a6 8. Be2 b5 9. Qb3 c5 10. dxc5 Bb7 11. e5 Nfd7 12. Be3 Nxe5 13. Nxe5 Bxe5 14. O-O Nc6 15. Rad1 Nd4 16. Bxd4 Bxd4 17. a4 e5 18. axb5 axb5 19. Nxb5 Qg5 20. Bf3 Bxf3 21. Qxf3 Bxc5 22. Nc7 Rab8 23. Nd5 Rxb2 24. Qc3 Rb5 25. Nc7 Bd4 26. Qc6 Rc5 27. Qb6 Rc2 28. Qb7 Qe7 29. Rc1 Bxf2+ 30. Kh1 Rxc1 31. Rxc1 e4 32. Qc6 e3 33. Nd5 Qg5 34. Qc3 f6 35. Qc4 Rf7 36. Ne7+ Kg7 37. Nc6 e2 38. Nd8 Qxc1+ 39. Qxc1 e1=Q+ 40. Qxe1 Bxe1 41. Nxf7 Kxf7 42. Kg1 Bc3 43. Kf1 Ke6 44. Ke2 Be5 45. g3 h5 46. Kf3 h4 47. gxh4 Bxh2 48. Kg4 Be5 49. h5 gxh5+ 50. Kxh5 f5 51. Kg5 Bf6+ 52. Kf4 Be7 53. Ke3 Ke5 54. Kf3 f4 55. Kg4 Bf6 56. Kf3 Kf5 57. Kf2 Ke4 58. Ke2 f3+ 59. Kf2 Bd4+ 60. Kf1 f2 61. Ke2 Kf4 62. Kf1 Kg3 63. Ke2 Kg2 64. Kd3 f1=Q+ 65. Kxd4 Qf3 66. Ke5 Kg3 67. Kd6 Qe4 68. Kc7 Qd5 69. Kb8 Qf7 70. Ka8 Kf4 71. Kb8 Ke5 72. Ka8 Kd6 73. Kb8 Kc6 74. Ka8 Qb7# 0-1


[Site "https://www.chess.com"]

[Event "Titled Tuesday Blitz January 03 Late 2023"]
[White "Fernandez, Maria Florencia"]
[Black "Rosen, Eric"]
[WhiteFideId "116459"]
[BlackFideId "2032562"]
[WhiteElo "2129"]
[BlackElo "2349"]
[Result "0-1"]
[Round "09"]
[TimeControl "180+2"]
[Date "2023.01.03"]
[WhiteClock "0:00:02"]
[BlackClock "0:00:43"]

1. d4 d5 2. c4 e6 3. Nc3 Nf6 4. cxd5 exd5 5. Bg5 c6 6. e3 Bd6 7. Bd3 h6 8. Bh4 O-O 9. Nge2 Re8 10. Qc2 a5 11. O-O-O Na6 12. Bf5 Nb4 13. Qb1 b5 14. Bxc8 Rxc8 15. Qf5 Be7 16. Kb1 a4 17. Nc1 a3 18. b3 g6 19. Qf3 Ne4 20. Nxe4 dxe4 21. Bxe7 Qxe7 22. Qf4 Nd5 23. Qxh6 Nc3+ 24. Ka1 Nxd1 25. Rxd1 c5 26. Ne2 cxd4 27. exd4 Rc2 28. Rd2 Rec8 29. Rxc2 Rxc2 30. Qe3 Qb4 31. Kb1 Rb2+ 32. Ka1 Qe1+ 33. Nc1 Qxf2 34. Qxe4 Rxa2+ 0-1


[Site "https://www.chess.com"]

[Event "Titled Tuesday Blitz January 03 Late 2023"]
[White "Martynov, Pavel"]
[Black "Schmidt, Harald"]
[WhiteFideId "4101260"]
[BlackFideId "4648358"]
[WhiteElo "2414"]
[BlackElo "2347"]
[Result "0-1"]
[Round "09"]
[TimeControl "180+2"]
[Date "2023.01.03"]
[WhiteClock "0:00:01"]
[BlackClock "0:00:17"]

1. e4 d6 2. d4 g6 3. Nc3 Bg7 4. Nge2 a6 5. g3 b5 6. a3 Bb7 7. Bg2 Nd7 8. O-O c5 9. Re1 e6 10. Be3 Ne7 11. e5 Bxg2 12. exd6 Bf3 13. dxe7 Qxe7 14. Qd2 O-O 15. d5 Rad8 16. Bg5 Nf6 17. Nf4 Qd6 18. Qe3 Bxd5 19. Rad1 Qc6 20. Bxf6 Bxf6 21. Ncxd5 exd5 22. Qf3 Bxb2 23. Nxd5 Kg7 24. c3 Rfe8 25. Rxe8 Rxe8 26. Qf4 Bxa3 27. h4 h5 28. g4 b4 29. gxh5 bxc3 30. h6+ Kh8 31. Rf1 c2 32. Ne3 Qe6 33. Qf3 c1=Q 34. Rxc1 Bxc1 35. Ng4 Bb2 36. h5 Rg8 37. h7 Kxh7 38. Qf4 gxh5 39. f3 hxg4 40. fxg4 Rxg4+ 41. Kh2 Qh6+ 42. Qxh6+ Kxh6 0-1


[Site "https://www.chess.com"]

[Event "Titled Tuesday Blitz January 03 Late 2023"]
[White "Domingo Nunez, Ruben"]
[Black "Kleiman, Jake"]
[WhiteFideId "22245570"]
[BlackFideId "2020041"]
[WhiteElo "2416"]
[BlackElo "2399"]
[Result "1-0"]
[Round "09"]
[TimeControl "180+2"]
[Date "2023.01.03"]
[WhiteClock "0:02:14"]
[BlackClock "0:00:16"]

1. e4 e5 2. Nf3 Nc6 3. Bc4 Bc5 4. c3 Nf6 5. d3 O-O 6. O-O d6 7. Bb3 a6 8. Nbd2 Ba7 9. h3 Ne7 10. Re1 Ng6 11. Kf1 h6 12. Kg1 Nh5 13. Nf1 Nhf4 14. d4 Qf6 15. Be3 c6 16. Ng3 Re8 17. Bc2 Be6 18. Kh2 Bb8 19. Nf5 d5 20. dxe5 Nxe5 21. Bxf4 dxe4 22. Bxe5 Bxe5+ 23. Nxe5 Qxf5 24. Rxe4 Bd5 25. Re2 Qf4+ 26. g3 Qf6 27. Ng4 Qf3 28. Rxe8+ Rxe8 29. Qxf3 Bxf3 30. Ne3 1-0


[Site "https://www.chess.com"]

[Event "Titled Tuesday Blitz January 03 Late 2023"]
[White "Broca Jimenez, Fernando"]
[Black "Bjelobrk, Igor"]
[WhiteFideId "5104742"]
[BlackFideId "4300726"]
[WhiteElo "2075"]
[BlackElo "2403"]
[Result "0-1"]
[Round "09"]
[TimeControl "180+2"]
[Date "2023.01.03"]
[WhiteClock "0:00:21"]
[BlackClock "0:00:59"]

1. e4 c5 2. c3 Nf6 3. e5 Nd5 4. d4 cxd4 5. Nf3 e6 6. Bc4 d6 7. exd6 Bxd6 8. Bg5 Qc7 9. Bxd5 exd5 10. Qe2+ Be6 11. Nxd4 O-O 12. Nxe6 fxe6 13. Qxe6+ Kh8 14. Qxd5 Nc6 15. Nd2 Rae8+ 16. Be3 Bf4 17. O-O-O Bxe3 18. fxe3 Rxe3 19. Rhf1 Rc8 20. Qc5 Ree8 21. g3 b6 22. Qc4 Qd7 23. Rf7 Qh3 24. Rdf1 Ne5 25. Qc7 Nxf7 26. Rxf7 Rxc7 27. Rxc7 0-1


[Site "https://www.chess.com"]

[Event "Titled Tuesday Blitz January 03 Late 2023"]
[White "Khandelwal, Ankush"]
[Black "Korchmar, Vasiliy"]
[WhiteFideId "413470"]
[BlackFideId "24131750"]
[WhiteElo "2205"]
[BlackElo "2438"]
[Result "0-1"]
[Round "09"]
[TimeControl "180+2"]
[Date "2023.01.03"]
[WhiteClock "0:02:26"]
[BlackClock "0:02:02"]

1. e4 e6 2. d4 d5 3. Nc3 Bb4 4. exd5 exd5 5. Bd3 Ne7 6. Qh5 g6 7. Qf3 Bf5 8. Ne2 Bxd3 9. Qxd3 Nd7 10. Bg5 h6 11. Bh4 c6 12. O-O-O Qa5 13. Kb1 O-O-O 14. a3 Bd6 15. Rhe1 Rde8 16. Na2 Nf5 17. Bg3 Bxg3 18. Nxg3 Rxe1 0-1


[Site "https://www.chess.com"]

[Event "Titled Tuesday Blitz January 03 Late 2023"]
[White "Gascon Del Nogal, Jose Rafael"]
[Black "Yeritsyan, Hayk"]
[WhiteFideId "3902463"]
[BlackFideId "13307320"]
[WhiteElo "2459"]
[BlackElo "2241"]
[Result "1-0"]
[Round "09"]
[TimeControl "180+2"]
[Date "2023.01.03"]
[WhiteClock "0:00:08"]
[BlackClock "0:00:01"]

1. e4 c6 2. d4 d5 3. Nd2 dxe4 4. Nxe4 Nd7 5. Ng5 h6 6. Ne6 Qb6 7. Nxf8 Nxf8 8. Be2 Bf5 9. Nf3 Nf6 10. O-O e6 11. b3 N8d7 12. Ba3 O-O-O 13. Nd2 Qxd4 14. Nc4 Qxd1 15. Raxd1 Ne4 16. Bd3 b5 17. Bxe4 bxc4 18. Bxc6 Bxc2 19. Rc1 Bd3 20. Rfe1 Nb6 21. Be7 Rd4 22. Bc5 Rdd8 23. bxc4 Kc7 24. Bb5 Bg6 25. Bb4 Rd4 26. Bc3 Rd3 27. Bxg7 Rg8 28. Be5+ Kb7 29. c5 Nd5 30. c6+ Kc8 31. Ba6+ Kd8 32. c7+ Kd7 33. c8=B+ Rxc8 34. Bxc8+ Ke7 35. Ba6 Ra3 36. Bc4 Nb6 37. Bb3 Ra5 38. Bc3 Rg5 39. h4 Rg4 40. f3 Rxh4 41. Be5 Bf5 42. Rc7+ Kf8 43. Bf6 Rc4 44. Bxc4 1-0


[Site "https://www.chess.com"]